 Dungeon Crawl Stone Soup version 0.30-a0-509-gd016549fea (webtiles) character file.

Game seed: 608597544077722814

624 zishaf the Chiller (level 7, -2/55 (57) HPs)
             Began as a Demigod Wanderer on Dec 22, 2022.
             Slain by a kobold brigand
             ... wielding a +0 dagger
              (6 damage)
             ... on level 6 of the Dungeon.
             The game lasted 00:07:53 (3606 turns).

zishaf the Chiller (Demigod Wanderer)               Turns: 3606, Time: 00:07:53

HP:   -2/55 (57)    AC: 10    Str: 13    XL:     7   Next: 2%
MP:   15/15         EV: 14    Int: 22    God:
Gold: 215           SH:  5    Dex: 15    Spells: 5/12 levels left

rFire   + . .      SeeInvis +    e - +4 spear
rCold   . . .      Faith    .    b - +0 buckler
rNeg    . . .      Spirit   .    d - +0 robe
rPois   .          Reflect  .    o - +0 helmet
rElec   .          Harm     .    (no cloak)
rCorr   .          Rampage  .    (no gloves)
Will    .....                    (no boots)
Stlth   +.........               (no amulet)
HPRegen 0.29/turn                q - +4 ring of evasion
MPRegen 0.14/turn                (no ring)

@: mighty, ice-armoured, freezing walls, lightly drained
A: high MP 1, forlorn, divine attributes, see invisible, fire resistance 1,
strong 1
a: no special abilities


You were on level 6 of the Dungeon.
You visited 1 branch of the dungeon, and saw 5 of its levels.

You collected 215 gold pieces.

Inventory:

Hand Weapons
 a - a +1 short sword
 e - a +4 spear (weapon)
Armour
 b - a +0 buckler (worn)
 d - a +0 robe (worn)
 o - a +0 helmet (worn)
Jewellery
 q - a +4 ring of evasion (left hand)
Wands
 p - a wand of charming (8)
Scrolls
 c - 2 scrolls of blinking
 g - a scroll of enchant weapon
 l - 2 scrolls of teleportation
 s - 2 scrolls of immolation
Potions
 j - a potion of degeneration {unknown}
 m - a potion of heal wounds {unknown}
 n - a potion of mutation


   Skills:
 + Level 3.3 Fighting
 - Level 2.6 Short Blades
 - Level 1.0 Armour
 + Level 3.5 Shields
 + Level 3.2 Spellcasting
 + Level 4.4 Ice Magic
 - Level 1.0 Evocations


You had 5 spell levels left.
You knew the following spells:

 Your Spells              Type           Power      Damage    Failure   Level
a - Freeze                Ice            92%        1d9       2%          1
A - Ozocubu's Armour      Ice            23%        N/A       8%          3
B - Frozen Ramparts       Ice            46%        1d7       8%          3

Your spell library contained the following spells:

 Spells                   Type           Power      Damage    Failure   Level
 Magic Dart               Conj           12%        1d3       16%         1
 Sting                    Tmut/Pois      12%        1d3       16%         1
 Hailstorm                Conj/Ice       13%        3d5       19%         3
 Poisonous Vapours        Pois/Air       6%         N/A       24%         2
 Searing Ray              Conj           6%         2d4       24%         2
 Ice Form                 Ice/Tmut       13%        N/A       54%         4
 Fulminant Prism          Conj/Hex       1%         3d5       85%         4
 Olgreb's Toxic Radiance  Pois           3%         N/A       85%         4


Dungeon Overview and Level Annotations

Branches:
Dungeon (4/15)
 Temple: D:4-7

Shops:
D:4 ?   D:6 :

Annotations:
D:3 bande's ghost, amateur GrFi


Innate Abilities, Weirdness & Mutations

You have an increased reservoir of magic. (+10% MP)
You shall have no god before yourself.
Your divine heritage dramatically boosts your attributes as you level up.
You have supernaturally acute eyesight. (SInv)
Your flesh is heat resistant. (rF+)
Your muscles are strong. (Str +4, Int/Dex -1)


Message History

The heat melts your icy armour.
You feel better. The kobold barely misses you.
You block the kobold brigand's attack.
The necrophage hits you but does no damage.
Casting: Ozocubu's Armour (dangerous; 7% risk of failure)
Confirm with . or Enter, or press ? or * to list all spells.
Casting: Frozen Ramparts (dangerous; 7% risk of failure)
Press: ? - help, Dir - look around, f - activate The walls around you are covered in ice.
The wall freezes the necrophage but does no damage.
The necrophage hits you.
* * * LOW HITPOINT WARNING * * *
You feel drained.
* * * LOW HITPOINT WARNING * * *
The wall freezes the kobold.
You kill the kobold!
The wall freezes the kobold brigand.
You block the kobold brigand's attack.
It was a potion of mutation.
You feel extremely strange.
Your vision sharpens.
You feel stronger.
You feel resistant to heat.
The necrophage resists.
The wall freezes the necrophage.
The necrophage misses you.
The wall freezes the kobold brigand.
The kobold brigand hits you with a +0 dagger.
* * * LOW HITPOINT WARNING * * *
It was a potion of magic.
Magic courses through your body.
The necrophage resists.
The wall freezes the necrophage.
You block the necrophage's attack.
The wall freezes the kobold brigand but does no damage.
The kobold brigand closely misses you.
It was a potion of might.
You feel very mighty all of a sudden.
The necrophage resists.
The wall freezes the necrophage.
The necrophage closely misses you.
The wall freezes the kobold brigand.
The kobold brigand hits you with a +0 dagger.
* * * LOW HITPOINT WARNING * * *
You puncture the kobold brigand!
The kobold brigand is severely wounded.
The necrophage resists.
The wall freezes the necrophage.
You block the necrophage's attack.
The wall freezes the kobold brigand.
The kobold brigand hits you with a +0 dagger.
You die...

....##..#..#K## ...
..#.##..##....###.#
....#...##.....#..#
....#.#.##.......#
<...$.#.##.....#
...####.###.#.####
..## #.#...#..).#
..#
#.#.######)##.##
..# #..<# #@K...#
..# #..## #n#≈≈.≈≈#
#)# #..# #.≈≈≈.≈≈≈
#.# #..# ..≈≈≈.≈≈≈
..# #### .#...∩...
### #. ≈≈≈.≈≈≈ # #.
≈≈≈.≈≈≈ #. .≈≈.≈≈


You could see a kobold brigand and a necrophage.

Vanquished Creatures
  A steam dragon (D:6)
  A centaur (D:6)
  2 scorpions
  A hound (D:6)
  3 orc priests
  6 gnolls
  6 adders
  2 worms
  2 dart slugs
  12 orcs
  6 endoplasms
  A giant cockroach (D:2)
  3 goblins
  3 hobgoblins (D:2)
  8 jackals
  5 kobolds
  7 ball pythons
  4 bats
  2 frilled lizards
  3 rats
78 creatures vanquished.

Notes
Turn   | Place    | Note
-------+----------+-------------------------------------------
     0 | D:1      | zishaf the Demigod Wanderer began the quest for the Orb.
     0 | D:1      | zishaf set off with the following items: a +0 short sword,
                  | a +0 buckler, a scroll of blinking, a +0 robe; and the
                  | following spell memorised: Freeze; and the following spells
                  | available to memorise: Ozocubu's Armour, Ice Form.
     0 | D:1      | Reached XP level 1. HP: 14/14 MP: 4/4
   717 | D:1      | Reached XP level 2. HP: 22/22 MP: 4/6
   989 | D:2      | Reached skill level 3 in Ice Magic
  1025 | D:2      | Reached skill level 1 in Fighting
  1104 | D:2      | Reached XP level 3. HP: 22/28 MP: 2/7
  1249 | D:2      | Learned a level 3 spell: Ozocubu's Armour
  1443 | D:2      | Reached XP level 4. HP: 31/35 MP: 5/9
  2008 | D:3      | Reached XP level 5. HP: 38/41 MP: 5/11
  2012 | D:3      | Learned a level 3 spell: Frozen Ramparts
  3051 | D:3      | Found a runed translucent door.
  3052 | D:3      | Noticed bande's ghost (amateur GrFi)
  3104 | D:4      | Found Sukuboh's Magic Scroll Shop.
  3440 | D:4      | You fall into a shaft and drop 2 floors!
  3445 | D:6      | Noticed a centaur
  3483 | D:6      | Noticed an orc warrior
  3491 | D:6      | Reached XP level 6. HP: 15/46 MP: 4/12
  3492 | D:6      | Reached skill level 4 in Ice Magic
  3500 | D:6      | HP: 2/50 [gnoll/+4 spear[a gnoll sergeant] (5)]
  3590 | D:6      | Found Peul's Self-Improvement Boutique.
  3590 | D:6      | Noticed a steam dragon
  3598 | D:6      | Killed a steam dragon
  3599 | D:6      | Reached XP level 7. HP: 7/57 MP: 6/15
  3603 | D:6      | Gained mutation: You have supernaturally acute eyesight.
                  | (SInv) [potion of mutation]
  3603 | D:6      | Gained mutation: Your muscles are strong. (Str +4, Int/Dex
                  | -1) [potion of mutation]
  3603 | D:6      | Gained mutation: Your flesh is heat resistant. (rF+)
                  | [potion of mutation]
  3606 | D:6      | Slain by a kobold brigand

Illustrated notes

Levels and vault maps discovered:
D:1:      dpeg_arrival_radiant, layout_basic, hex_tiny, minivault_24
D:2:      layout_basic
D:3:      layout_loops_corners, ebering_ghost_reflecting_pool,
          hellmonk_ecumenical_altar_inner_sanctum, grunt_decor_mini_mirrors
D:4:      layout_cave_pools, serial_shops, nicolae_shop_hallway_plus
D:6:      layout_rooms, minmay_temple_entry_butterflies,
          cheibrodos_sewer_entry_bend, nicolae_shop_self_help, uniq_grinder

Skill      XL: |  1  2  3  4  5  6 |
---------------+-------------------+-----
Ice Magic      | 3 4 |  4.4
Fighting       | 1 2 3 |  3.3
Shields        | 2 3 |  3.5
Spellcasting   | 2 3 |  3.2
Short Blades   | |  2.6
Armour         | |  1.0
Evocations     | |  1.0

Action                   |  1- 3 |  4- 6 |  7- 9 || total
-------------------------+-------+-------+-------++-------
Melee: Short sword       |    35 |    70 |       ||   105
       Spear             |       |    10 |     1 ||    11
 Cast: Freeze            |    52 |    69 |       ||   121
       Frozen Ramparts   |       |     4 |     1 ||     5
       Ozocubu's Armour  |       |     1 |     1 ||     2
  Use: Scroll            |       |     9 |       ||     9
       Potion            |       |     4 |     5 ||     9
 Stab: Sleeping          |     1 |     1 |       ||     2
       Invisible         |       |     3 |       ||     3
Armor: Robe              |    13 |    17 |     2 ||    32
Dodge: Dodged            |    46 |    95 |     7 ||   148
Block: Buckler           |    14 |    34 |     4 ||    52

Table legend: (Time is in decaauts)
 A = Elapsed time spent in this place.
 B = Non-inter-level travel time spent in this place.
 C = Inter-level travel time spent in this place.
 D = Time resting spent in this place.
 E = Time spent auto-exploring this place.
 F = Levels seen in this place.
 G = Mean time per level.
                   A        B        C        D        E       F      G
               +--------+--------+--------+--------+--------+-----+--------+
         Total |   3600 |   3515 |     85 |    308 |   2457 |   5 |  720.0 |
       Dungeon |   3600 |   3515 |     85 |    308 |   2457 |   5 |  720.0 |
               +--------+--------+--------+--------+--------+-----+--------+

Top non-repeatable levels by time:
     D:3: 1089 daAuts
     D:2: 1025 daAuts
     D:1: 980 daAuts
     D:4: 337 daAuts
     D:6: 166 daAuts
